[ AOE2 MATCH · #505678844 ]
UnrankedWei vs Burgundians
Player's team · LOSS
[ REPLAY ANALYSIS · EXTRACTED FROM THE RECORDED GAME ]
Feudal
9:17
Castle
20:36
Imperial
—
| APM avg | 50.5 |
| APM peak | 88 |
| eAPM avg | 21.0 |
| Villagers / military | 139 / 14 |
Focus
⚔️ 41.6% · 🌾 58.4%
Unknown (1944) ×88 · Unknown (1952) ×29 · Archer ×9 · Unknown (1949) ×4 · Mangonel ×2 · Scout Cavalry ×2
Feudal
9:16
Castle
23:31
Imperial
43:01
| APM avg | 69.1 |
| APM peak | 119 |
| eAPM avg | 34.9 |
| Villagers / military | 139 / 249 |
Focus
⚔️ 51.8% · 🌾 48.2%
Flemish Militia ×155 · Skirmisher ×49 · Cavalry Archer ×22 · Battering Ram ×10 · Monk ×5 · Hand Cannoneer ×5
Match map
Initial resources + every placement click. Lines = walls · curves = elevation contours. ◆ gold · ⬟ stone · ● berries · ✦ relic · ◌ wall gap
Your base· Open — 2t gap
NOC | Madtomski's base· Open — 2t gap
Smoothed initial terrain · ◌ = detected wall gap · hover for details
Inputs per minute
— Ghosty - - NOC | Madtomski
Build order — Ghosty
First 150 of 406 actions detected
| 0:02 | Create | Villager (Male) ×4 |
| 0:03 | Build | House |
| 0:18 | Build | House |
| 1:42 | Create | Villager (Male) |
| 2:01 | Create | Villager (Male) |
| 2:18 | Build | Lumber Camp |
| 2:24 | Create | Villager (Male) |
| 2:41 | Create | Villager (Male) |
| 2:53 | Create | Villager (Male) |
| 3:14 | Create | Villager (Male) |
| 3:26 | Build | House |
| 3:41 | Create | Villager (Male) |
| 3:59 | Create | Villager (Male) |
| 4:17 | Build | Mill |
| 4:24 | Create | Villager (Male) |
| 4:44 | Create | Villager (Male) |
| 5:16 | Create | Villager (Male) |
| 5:29 | Create | Villager (Male) |
| 5:36 | Research | Loom |
| 6:09 | Build | Mining Camp |
| 6:56 | Research | Feudal Age |
| 6:56 | Research | Feudal Age |
| 7:57 | Build | Barracks |
| 8:12 | Create | Villager (Male) |
| 8:13 | Create | Villager (Male) |
| 8:20 | Build | House |
| 8:55 | Build | House |
| 9:17 | Age | Feudal Age |
| 9:19 | Build | Archery Range |
| 9:24 | Research | Double-Bit Axe |
| 9:46 | Create | Villager (Male) |
| 9:51 | Build | Watch Tower |
| 9:58 | Research | Horse Collar |
| 10:11 | Create | Villager (Male) |
| 10:15 | Create | Archer |
| 10:15 | Create | Archer |
| 10:20 | Build | House |
| 10:28 | Build | Farm |
| 10:30 | Build | Farm |
| 10:34 | Create | Villager (Male) |
| 10:47 | Create | Spearman |
| 11:19 | Create | Archer |
| 11:21 | Create | Villager (Male) |
| 11:22 | Build | Blacksmith |
| 12:05 | Create | Villager (Male) |
| 12:09 | Build | House |
| 12:14 | Research | Fletching |
| 12:26 | Create | Villager (Male) |
| 12:27 | Create | Archer |
| 12:28 | Create | Archer |
| 12:41 | Create | Villager (Male) |
| 12:44 | Build | Farm |
| 12:47 | Create | Archer |
| 12:50 | Create | Villager (Male) |
| 12:52 | Build | Farm |
| 13:06 | Create | Archer |
| 13:17 | Build | Stable |
| 13:37 | Create | Villager (Male) |
| 13:44 | Build | Farm |
| 13:47 | Research | Gold Mining |
| 13:50 | Create | Villager (Male) |
| 13:58 | Build | Farm |
| 14:01 | Create | Archer |
| 14:14 | Build | House |
| 14:26 | Create | Scout Cavalry |
| 14:40 | Build | House |
| 14:52 | Create | Scout Cavalry |
| 15:06 | Create | Villager (Male) |
| 15:17 | Build | House |
| 16:08 | Build | Farm |
| 16:29 | Create | Villager (Male) |
| 16:30 | Create | Villager (Male) |
| 16:43 | Build | Market |
| 16:57 | Create | Villager (Male) |
| 17:47 | Build | Lumber Camp |
| 17:56 | Build | Farm |
| 17:56 | Research | Castle Age |
| 18:06 | Build | Archery Range |
| 18:23 | Build | Mining Camp |
| 18:42 | Create | Archer |
| 18:56 | Research | Stone Mining |
| 20:22 | Research | Bloodlines |
| 20:36 | Age | Castle Age |
| 20:39 | Create | Unit 1944 |
| 20:41 | Create | Unit 1944 |
| 21:07 | Create | Unit 1952 |
| 21:07 | Create | Unit 1952 |
| 21:08 | Create | Unit 1952 |
| 21:10 | Research | Bodkin Arrow |
| 21:10 | Create | Villager (Male) |
| 21:12 | Build | Town Center |
| 21:21 | Create | Unit 1952 |
| 21:21 | Create | Unit 1952 |
| 21:23 | Create | Villager (Male) |
| 21:42 | Create | Villager (Male) |
| 21:53 | Build | House |
| 22:07 | Create | Villager (Male) |
| 22:11 | Build | Market |
| 22:25 | Create | Villager (Male) |
| 22:52 | Create | Villager (Male) |
| 22:53 | Create | Villager (Male) |
| 23:24 | Create | Villager (Male) |
| 23:30 | Create | Villager (Male) |
| 23:31 | Build | Town Center |
| 23:39 | Build | Siege Workshop |
| 23:46 | Create | Villager (Male) |
| 23:47 | Create | Villager (Male) |
| 23:52 | Create | Unit 1952 |
| 23:53 | Create | Unit 1952 |
| 24:00 | Create | Unit 1952 |
| 24:00 | Create | Unit 1952 |
| 24:01 | Create | Villager (Male) |
| 24:05 | Build | Lumber Camp |
| 24:09 | Create | Villager (Male) |
| 24:25 | Create | Villager (Male) |
| 24:33 | Build | House |
| 24:34 | Build | House |
| 24:39 | Create | Villager (Male) |
| 24:46 | Build | Farm |
| 24:48 | Build | Farm |
| 24:51 | Create | Mangonel |
| 25:09 | Build | Farm |
| 25:11 | Create | Villager (Male) |
| 25:15 | Create | Villager (Male) |
| 25:15 | Create | Villager (Male) |
| 25:18 | Build | Farm |
| 25:24 | Create | Villager (Male) |
| 25:39 | Build | Mill |
| 25:46 | Create | Mangonel |
| 25:52 | Create | Villager (Male) |
| 25:59 | Create | Villager (Male) |
| 26:01 | Build | Farm |
| 26:11 | Create | Villager (Male) |
| 26:13 | Create | Unit 1952 |
| 26:13 | Create | Unit 1952 |
| 26:13 | Create | Unit 1952 |
| 26:43 | Create | Unit 1944 |
| 26:43 | Create | Unit 1944 |
| 26:46 | Create | Unit 1952 |
| 26:52 | Create | Villager (Male) |
| 27:06 | Create | Villager (Male) |
| 27:16 | Build | Farm |
| 27:16 | Build | Farm |
| 27:16 | Build | Farm |
| 27:16 | Build | Farm |
| 27:17 | Build | Farm |
| 27:21 | Research | Bloodlines |
| 27:23 | Create | Villager (Male) |
| 27:27 | Create | Unit 1952 |
| 27:28 | Create | Unit 1944 |
Build order — NOC | Madtomski
First 150 of 517 actions detected
| 0:01 | Create | Villager (Male) |
| 0:02 | Build | House |
| 0:02 | Create | Villager (Male) |
| 0:03 | Create | Villager (Male) |
| 0:05 | Build | House |
| 0:06 | Create | Villager (Male) |
| 1:37 | Create | Villager (Male) |
| 1:38 | Create | Villager (Male) |
| 1:57 | Build | Lumber Camp |
| 2:16 | Create | Villager (Male) |
| 2:39 | Create | Villager (Male) |
| 3:06 | Research | Double-Bit Axe |
| 3:13 | Create | Villager (Male) |
| 3:24 | Build | House |
| 3:36 | Create | Villager (Male) |
| 3:55 | Build | House |
| 3:59 | Create | Villager (Male) |
| 4:36 | Create | Villager (Male) |
| 4:37 | Create | Villager (Male) |
| 5:01 | Create | Villager (Male) |
| 5:12 | Create | Villager (Male) |
| 5:34 | Create | Villager (Male) |
| 5:43 | Create | Villager (Male) |
| 6:00 | Build | Mining Camp |
| 6:03 | Build | Palisade Wall |
| 6:10 | Create | Villager (Male) |
| 7:05 | Research | Feudal Age |
| 7:35 | Build | Barracks |
| 7:53 | Build | Mill |
| 7:56 | Create | Villager (Male) |
| 8:02 | Build | Palisade Wall |
| 8:06 | Build | Palisade Wall |
| 8:07 | Build | Palisade Wall |
| 8:09 | Create | Villager (Male) |
| 8:14 | Build | Palisade Wall |
| 8:22 | Build | Palisade Wall |
| 8:25 | Create | Villager (Male) |
| 8:28 | Build | House |
| 9:03 | Build | Palisade Wall |
| 9:16 | Age | Feudal Age |
| 9:18 | Create | Flemish Militia |
| 9:18 | Create | Flemish Militia |
| 9:20 | Build | Archery Range |
| 9:28 | Research | Bow Saw |
| 9:35 | Create | Flemish Militia |
| 10:00 | Build | House |
| 10:04 | Create | Skirmisher |
| 10:06 | Create | Flemish Militia |
| 10:10 | Research | Horse Collar |
| 10:13 | Create | Villager (Male) |
| 10:19 | Create | Flemish Militia |
| 10:31 | Build | House |
| 10:32 | Create | Skirmisher |
| 10:55 | Create | Villager (Male) |
| 11:05 | Create | Skirmisher |
| 11:09 | Research | Arson |
| 11:11 | Create | Skirmisher |
| 11:13 | Build | House |
| 11:18 | Create | Skirmisher |
| 11:46 | Create | Villager (Male) |
| 11:51 | Create | Flemish Militia |
| 12:00 | Create | Villager (Male) |
| 12:07 | Build | Farm |
| 12:09 | Build | Farm |
| 12:12 | Build | House |
| 12:13 | Create | Villager (Male) |
| 12:22 | Create | Flemish Militia |
| 12:23 | Create | Skirmisher |
| 12:27 | Build | Farm |
| 12:46 | Create | Villager (Male) |
| 12:49 | Create | Skirmisher |
| 12:55 | Build | House |
| 13:01 | Create | Villager (Male) |
| 13:13 | Create | Villager (Male) |
| 13:21 | Create | Skirmisher |
| 13:22 | Create | Villager (Male) |
| 13:33 | Create | Skirmisher |
| 13:37 | Build | Blacksmith |
| 13:50 | Create | Skirmisher |
| 13:55 | Build | Farm |
| 14:12 | Create | Villager (Male) |
| 14:16 | Create | Villager (Male) |
| 14:37 | Create | Villager (Male) |
| 14:40 | Create | Skirmisher |
| 14:45 | Research | Fletching |
| 14:48 | Build | Farm |
| 14:50 | Build | Farm |
| 14:51 | Build | Farm |
| 14:53 | Build | Farm |
| 14:54 | Create | Villager (Male) |
| 15:02 | Create | Skirmisher |
| 15:19 | Create | Flemish Militia |
| 15:20 | Create | Flemish Militia |
| 15:29 | Build | Farm |
| 15:31 | Build | Farm |
| 15:32 | Build | Farm |
| 15:34 | Build | Farm |
| 15:34 | Create | Villager (Male) |
| 15:35 | Build | Farm |
| 15:41 | Research | Loom |
| 15:53 | Build | Lumber Camp |
| 15:54 | Create | Villager (Male) |
| 15:58 | Build | Farm |
| 16:00 | Create | Skirmisher |
| 16:05 | Create | Skirmisher |
| 16:08 | Build | House |
| 16:14 | Create | Villager (Male) |
| 16:15 | Create | Skirmisher |
| 16:30 | Research | Padded Archer Armor |
| 16:55 | Build | Farm |
| 16:57 | Build | Farm |
| 16:58 | Build | Farm |
| 17:00 | Build | Farm |
| 17:00 | Create | Villager (Male) |
| 17:01 | Create | Skirmisher |
| 17:04 | Create | Flemish Militia |
| 17:19 | Create | Archer |
| 17:20 | Create | Villager (Male) |
| 17:29 | Create | Villager (Male) |
| 17:41 | Create | Villager (Male) |
| 17:53 | Create | Skirmisher |
| 17:55 | Create | Flemish Militia |
| 18:04 | Create | Villager (Male) |
| 18:08 | Create | Villager (Male) |
| 18:10 | Build | Farm |
| 18:15 | Build | Market |
| 18:21 | Create | Skirmisher |
| 18:26 | Build | House |
| 18:37 | Create | Flemish Militia |
| 18:38 | Create | Flemish Militia |
| 18:45 | Research | Wheelbarrow |
| 19:08 | Create | Flemish Militia |
| 19:08 | Create | Flemish Militia |
| 19:14 | Create | Skirmisher |
| 19:42 | Create | Villager (Male) |
| 20:26 | Create | Villager (Male) |
| 20:45 | Build | Watch Tower |
| 20:48 | Research | Castle Age |
| 21:14 | Create | Skirmisher |
| 21:15 | Create | Skirmisher |
| 21:31 | Build | Archery Range |
| 21:32 | Create | Skirmisher |
| 21:58 | Create | Flemish Militia |
| 21:58 | Create | Flemish Militia |
| 21:59 | Create | Skirmisher |
| 22:05 | Research | Gold Mining |
| 22:20 | Create | Skirmisher |
| 22:20 | Create | Skirmisher |
| 22:30 | Create | Flemish Militia |
| 22:30 | Create | Flemish Militia |
Match timeline
| 6:03 | NOC | Madtomski · wall_segment Palisade Wall x1 |
| 7:35 | NOC | Madtomski · first_building Barracks |
| 7:57 | Ghosty · first_building Barracks |
| 8:02 | NOC | Madtomski · wall_segment Palisade Wall x1 |
| 8:06 | NOC | Madtomski · wall_segment Palisade Wall x1 |
| 8:07 | NOC | Madtomski · wall_segment Palisade Wall x1 |
| 8:14 | NOC | Madtomski · wall_segment Palisade Wall x1 |
| 8:22 | NOC | Madtomski · wall_segment Palisade Wall x1 |
| 9:03 | NOC | Madtomski · wall_segment Palisade Wall x1 |
| 9:16 | NOC | Madtomski · age_up feudal |
| 9:17 | Ghosty · age_up feudal |
| 9:19 | Ghosty · first_building Archery Range |
| 9:20 | NOC | Madtomski · first_building Archery Range |
| 13:17 | Ghosty · first_building Stable |
| 20:21 | NOC | Madtomski · first_market_sell 500 wood |
| 20:22 | NOC | Madtomski · first_market_buy 100 food |
| 20:36 | Ghosty · age_up castle |
| 23:15 | Ghosty · first_market_sell 100 wood |
| 23:16 | Ghosty · first_market_buy 100 stone |
| 23:31 | NOC | Madtomski · age_up castle |
| 23:39 | Ghosty · first_building Siege Workshop |
| 24:22 | NOC | Madtomski · first_building Monastery |
| 29:06 | NOC | Madtomski · first_building Siege Workshop |
| 39:25 | NOC | Madtomski · first_building Castle |
| 39:32 | Ghosty · first_building Castle |
| 43:01 | NOC | Madtomski · age_up imperial |
| 46:34 | Ghosty · resign |
[ AI ANALYSIS · 1 CREDIT ]
What really happened in this match?
Wolo.gg analyzes every decision: build order, eco, micro, common mistakes by bracket. Personalized analysis on WhatsApp or Discord in 30 seconds.
Civ guide
Wei
Perfil
Jugador #24926497